 Dungeon Crawl Stone Soup version 0.21-a0-51-gea492e9 (webtiles) character file.

16452 minicreteconcrete the Martial Artist (level 12, -14/99 HPs)
             Began as a Gnoll Transmuter on June 12, 2017.
             Was a Believer of Ashenzari.
             Killed from afar by Josephine (27 damage)
             ... with a ghostly fireball
             ... on level 11 of the Dungeon.
             The game lasted 00:32:56 (13203 turns).

minicreteconcrete the Martial Artist (GnTm)        Turns: 13203, Time: 00:32:56

Health: -14/99     AC: 10    Str: 10    XL:     12   Next: 37%
Magic:  24/24      EV: 19    Int: 14    God:    Ashenzari [**....]
Gold:   606        SH:  0    Dex: 18    Spells: 15/28 levels left

rFire    x . .     SeeInvis .     - Unarmed
rCold    + + +     Gourm    .   (shield currently unavailable)
rNeg     . . .     Faith    .   (armour currently unavailable)
rPois    +         Spirit   .   (helmet currently unavailable)
rElec    .         Reflect  .   (cloak currently unavailable)
rCorr    .         Harm     .   (gloves currently unavailable)
MR       .....                  (boots currently unavailable)
Stlth    ++++......             r - amulet of rage (curse)
Regen    0.3/turn               M - +2 ring of protection (curse)
MPRegen  0.2/turn               t - +4 ring of evasion (curse)

@: ice-form, berserk cooldown, very slightly contaminated, slowed, drained, very
slow
A: short attention span, agile 1, dopey 1, wild magic 2, evolution 1, strong
nose
a: End Transformation, Curse Item, Scrying, Renounce Religion, Evoke Berserk
Rage


You were on level 11 of the Dungeon.
You worshipped Ashenzari.
Ashenzari was pleased with you.
You were very hungry.
You were a creature of crystalline ice.
You visited 1 branch of the dungeon, and saw 12 of its levels.

You collected 732 gold pieces.
You spent 126 gold pieces at shops.

Inventory:

Missiles
 a - 180 arrows
 e - 99 bolts
 f - 305 stones (quivered)
 m - 55 sling bullets
 q - 12 tomahawks
 s - 2 throwing nets
 U - 2 javelins
Armour
 b - a +0 robe
 y - a cursed +0 pair of gloves (melded)
 B - a cursed +0 cloak (melded)
 O - the cursed +3 leather armour of the Tick (melded) {Regen+}
   (You found it on level 9 of the Dungeon)

   It increases your rate of regeneration.
   It has a curse placed upon it.
Magical Staves
 p - an uncursed staff of fire
 R - an uncursed staff of poison
Jewellery
 j - an uncursed ring of resist corrosion
 r - a cursed amulet of rage (around neck)
 t - a cursed +4 ring of evasion (right front paw)
 z - an uncursed ring of flight
 D - an uncursed ring of poison resistance
 K - an uncursed amulet of guardian spirit
 M - a cursed +2 ring of protection (left front paw)
 S - an uncursed ring of ice
Wands
 G - a wand of enslavement (22/24)
 H - a wand of confusion (8/48)
 L - a wand of digging (16/24)
 T - a wand of iceblast (6/15)
Scrolls
 i - 10 scrolls of identify
 o - 3 scrolls of amnesia
 u - 5 scrolls of enchant weapon
 v - 3 scrolls of blinking
 C - 2 scrolls of teleportation
 Q - a scroll of immolation
Potions
 g - 4 potions of flight
 h - a potion of agility
 k - 4 potions of curing
 w - 2 potions of brilliance
Books
 c - a book of Changes

   Spells                             Type                      Level
   a - Beastly Appendage              Transmutation                1
   b - Sticks to Snakes               Transmutation                2
   c - Spider Form                    Transmutation/Poison         3
   d - Ice Form                       Ice/Transmutation            4
   e - Blade Hands                    Transmutation                5
 x - a book of Air

   Spells                             Type                      Level
   a - Shock                          Conjuration/Air              1
   b - Swiftness                      Charms/Air                   2
   c - Static Discharge               Conjuration/Air              3
   d - Airstrike                      Air                          4
   e - Lightning Bolt                 Conjuration/Air              5
 A - the Handbook of the Earthen Entourage
   (You found it on level 6 of the Dungeon)

   Spells                             Type                      Level
   a - Passwall                       Transmutation/Earth          2
   b - Summon Ice Beast               Ice/Summoning                4
   c - Aura of Abjuration             Summoning                    5
   d - Malign Gateway                 Summoning/Translocation      7
 E - a book of Callings

   Spells                             Type                      Level
   a - Summon Small Mammal            Summoning                    1
   b - Call Imp                       Summoning                    2
   c - Call Canine Familiar           Summoning                    3
   d - Summon Guardian Golem          Hexes/Summoning              3
   e - Summon Lightning Spire         Summoning/Air                4
   f - Summon Ice Beast               Ice/Summoning                4
 F - Jutieziv's Handbook of Evil Clay
   (You found it on level 7 of the Dungeon)

   Spells                             Type                      Level
   a - Regeneration                   Charms/Necromancy            3
   b - Vampiric Draining              Necromancy                   3
   c - Excruciating Wounds            Charms/Necromancy            5
   d - Lee's Rapid Deconstruction     Earth                        5
 J - a book of Power

   Spells                             Type                      Level
   a - Iskenderun's Battlesphere      Conjuration/Charms           5
   b - Venom Bolt                     Conjuration/Poison           5
   c - Bolt of Magma                  Conjuration/Fire/Earth       5
   d - Iron Shot                      Conjuration/Earth            6
   e - Orb of Destruction             Conjuration                  7
   f - Spellforged Servitor           Conjuration/Summoning        7
 P - a book of Battle

   Spells                             Type                      Level
   a - Infusion                       Charms                       1
   b - Shroud of Golubria             Charms/Translocation         2
   c - Song of Slaying                Charms                       2
   d - Spectral Weapon                Hexes/Charms                 3
   e - Regeneration                   Charms/Necromancy            3
Comestibles
 d - 11 bread rations
 l - 8 meat rations
 n - a royal jelly
 I - 3 fruits
 N - 3 chunks of flesh


   Skills:
 + Level 4.2(3.2) Fighting
 * Level 5.9(4.7) Armour
 + Level 7.6(7.7) Dodging
 - Level 6.6(7.1) Stealth
 + Level 10.9(9.6) Unarmed Combat
 * Level 8.9(7.7) Spellcasting
 + Level 1.4(3.3) Conjurations
 * Level 7.5(8.2) Charms
 * Level 7.6(8.3) Necromancy
 + Level 7.8(8.3) Transmutations
 - Level 8.0(8.5) Ice Magic
 + Level 1.6(3.6) Air Magic
 + Level 3.6(6.0) Poison Magic
 - Level 7.0(7.9) Evocations


You had 15 spell levels left.
You knew the following spells:

 Your Spells              Type           Power        Failure   Level  Hunger
a - Shock                 Conj/Air       ###.         9%          1    None
b - Sticks to Snakes      Tmut           #####...     3%          2    None
c - Spider Form           Tmut/Pois      #####.....   6%          3    ##.....
d - Ice Form              Ice/Tmut       #####...     11%         4    ####...
e - Regeneration          Chrm/Necr      #####.....   4%          3    ##.....


Dungeon Overview and Level Annotations

Branches:
Dungeon (12/15)            Temple (0/1) D:6            Lair (0/6) D:9
    Orc (0/2) D:9

Altars:
Ashenzari
Cheibriados
Elyvilon
Fedhas
Kikubaaqudgha
Nemelex Xobeh
Qazlal
Uskayaw
Wu Jian

Shops:
D:5 %(:?   D:10 !**%   D:11 *?%

Annotations:
D:11 Josephine


Innate Abilities, Weirdness & Mutations

You have a short attention span.
((You have very sharp teeth.))
Your uncanny sense of smell can sniff out nearby items.
((You have large cloven feet.))
You are agile. (Dex +2)
You are dopey. (Int -2)
Your spells are harder to cast, but more powerful.
You evolve.


Message History

Josephine hits you with a dagger of holy wrath.
* * * LOW HITPOINT WARNING * * *
There is a stone staircase leading up here.
Josephine gestures at you while chanting.
The ghostly flame explodes!
The ghostly fireball engulfs you!
You feel drained.
* * * LOW HITPOINT WARNING * * *
The ghostly fireball engulfs Josephine.
Josephine completely resists.
You climb upwards.
There is a stone staircase leading down here.
You punch Josephine! You freeze Josephine.
Josephine is almost dead.
Josephine barely misses you.
You punch Josephine! You freeze Josephine.
Josephine is almost dead.
Josephine misses you.
You barely miss Josephine.
Josephine is almost dead.
Josephine casts a spell at you.
The ghostly flame explodes!
The ghostly fireball engulfs you!
You feel drained.
You die...

........# #.###.# #.# ........#
#..##.# #.# ........# ##.##.# #.#
........# #..#.# #.#
....)...######'#'######.#
........................#
########..............### ###
#......).......# #<#
#........Y.....# #.# #
#.........@....#### ##.# ###
#.................# #..# ..#
#..............#..#####..# #.#
#..............#..#......#
#.######..)...........#..#.###..#
#.......)................#.# #..#
....###.#.............##.#.# #..#
.......∩)[............##.#.###..#


You could see Josephine.

Vanquished Creatures
  Fannar (D:11)
  6 two-headed ogres
  A sixfirhy (D:8)
  An unseen horror (D:11)
  The ghost of grindst0ne the Skirmisher, a novice DsAK of Lugonu (D:5)
  2 cyclopes (D:11)
  An ugly thing (D:11)
  A centaur zombie (D:11)
  A troll (D:10)
  A hornet (D:12)
  A hippogriff (D:7)
  A shadow (D:11)
  A vampire (D:11)
  2 wraiths (D:12)
  Grum (D:11)
  A hungry ghost (D:10)
  Menkaure (D:4)
  An acid dragon (D:12)
  2 porcupines (D:9)
  3 sky beasts
  3 phantoms
  A hornet zombie (D:6)
  8 orc warriors
  5 ogres
  A black bear (D:7)
  3 ice beasts
  3 wolves (D:11)
  2 centaurs
  2 big kobolds
  10 bullfrogs
  A gnoll sergeant (D:7)
  3 scorpions
  A wyvern skeleton (D:8)
  12 killer bees
  A water moccasin skeleton (D:4)
  5 wights (D:11)
  An electric eel (D:9)
  6 howler monkeys
  6 crimson imps
  3 bullfrog zombies
  2 jellies
  3 centaur skeletons
  4 hounds
  7 orc priests
  2 bullfrog skeletons
  17 orc wizards
  6 iguanas
  7 worker ants
  A hound skeleton (D:7)
  A hound zombie (D:6)
  9 gnolls
  8 adders
  5 shadow imps
  An ooze (D:5)
  7 worms
  A dart slug (D:2)
  3 leopard geckos
  37 orcs
  6 giant cockroaches
  6 goblins
  6 hobgoblins
  25 jackals
  8 bats
  15 kobolds
  A leopard gecko zombie (D:5)
  A quokka skeleton (D:5)
  7 rats
303 creatures vanquished.

Notes
Turn   | Place    | Note
-------+----------+-------------------------------------------
     0 | D:1      | minicreteconcrete the Gnoll Transmuter began the quest for the Orb.
     0 | D:1      | Reached XP level 1. HP: 16/16 MP: 5/5
   168 | D:1      | Reached skill level 5 in Unarmed Combat
   540 | D:1      | Reached XP level 2. HP: 22/22 MP: 4/7
   572 | D:1      | Learned a level 2 spell: Sticks to Snakes
  1192 | D:2      | Reached XP level 3. HP: 21/27 MP: 6/8
  1458 | D:1      | Learned a level 3 spell: Spider Form
  1632 | D:2      | Reached skill level 6 in Unarmed Combat
  1934 | D:2      | Reached XP level 4. HP: 33/33 MP: 6/10
  2730 | D:3      | Reached skill level 1 in Stealth
  2957 | D:3      | Reached skill level 5 in Spellcasting
  2999 | D:3      | Reached XP level 5. HP: 29/38 MP: 8/12
  3100 | D:3      | Found an ornate altar of the Wu Jian Council.
  3180 | D:3      | Reached skill level 1 in Poison Magic
  3238 | D:3      | Reached skill level 7 in Unarmed Combat
  3430 | D:3      | Learned a level 4 spell: Ice Form
  3527 | D:3      | Reached XP level 6. HP: 44/44 MP: 14/14
  3806 | D:4      | Found a sparkling altar of Nemelex Xobeh.
  3878 | D:4      | Reached skill level 1 in Ice Magic
  3962 | D:4      | Reached skill level 5 in Transmutations
  4258 | D:4      | Noticed Menkaure
  4461 | D:4      | Found a shattered altar of Ashenzari.
  4483 | D:4      | Reached XP level 7. HP: 50/50 MP: 12/15
  4490 | D:4      | Became a worshipper of Ashenzari the Shackled
  4918 | D:4      | Killed Menkaure
  5103 | D:5      | Entered Level 5 of the Dungeon
  5116 | D:5      | Found a blossoming altar of Fedhas.
  5160 | D:5      | Found Diliet's Weapon Shoppe.
  5162 | D:5      | Found Wycrop's Food Shoppe.
  5163 | D:5      | Found Ehasedd's Magic Scroll Shoppe.
  5165 | D:5      | Found Coar's Book Shoppe.
  5171 | D:5      | Bought a scroll of remove curse for 36 gold pieces
  5171 | D:5      | Bought a scroll of blinking for 90 gold pieces
  5187 | D:5      | Found a stormy altar of Qazlal.
  5191 | D:5      | Noticed grindst0ne's ghost (novice DsAK)
  5216 | D:5      | Killed grindst0ne's ghost
  5216 | D:5      | Reached skill level 5 in Dodging
  5216 | D:5      | Reached skill level 8 in Unarmed Combat
  5216 | D:5      | Reached skill level 5 in Ice Magic
  5216 | D:5      | Reached XP level 8. HP: 23/57 MP: 5/17
  5698 | D:5      | Learned a level 1 spell: Shock
  5836 | D:5      | Gained mutation: Your body sometimes deteriorates upon taking damage. [mutagenic meat]
  6107 | D:6      | Identified the Handbook of the Earthen Entourage
  6334 | D:6      | Found a staircase to the Ecumenical Temple.
  6405 | D:6      | Reached XP level 9. HP: 59/62 MP: 19/19
  6467 | D:6      | Reached * piety under Ashenzari
  6598 | D:6      | Found an ancient bone altar of Kikubaaqudgha.
  6939 | D:6      | Reached skill level 9 in Unarmed Combat
  7117 | D:7      | Gained mutation: You tend to lose your temper in combat. [mutagenic meat]
  7118 | D:7      | Gained mutation: Your spells are a little harder to cast, but a little more powerful. [mutagenic meat]
  7120 | D:7      | Gained mutation: Your spells are harder to cast, but more powerful. [mutagenic meat]
  7259 | D:7      | Reached skill level 5 in Evocations
  7507 | D:7      | Reached skill level 5 in Stealth
  7733 | D:7      | Identified Jutieziv's Handbook of Evil Clay
  8028 | D:7      | Reached skill level 1 in Conjurations
  8368 | D:7      | Reached skill level 1 in Air Magic
  8484 | D:8      | Found a runed door.
  8485 | D:8      | Noticed a sixfirhy
  8491 | D:8      | Lost mutation: Your body sometimes deteriorates upon taking damage. [potion of mutation]
  8491 | D:8      | Lost mutation: You tend to lose your temper in combat. [potion of mutation]
  8491 | D:8      | Gained mutation: You evolve. [potion of mutation]
  8491 | D:8      | Gained mutation: You are dopey. (Int -2) [potion of mutation]
  8491 | D:8      | Gained mutation: You have large cloven feet. [potion of mutation]
  8508 | D:8      | Killed a sixfirhy
  8508 | D:8      | Reached XP level 10. HP: 69/70 MP: 17/21
  8518 | D:8      | Noticed a two-headed ogre
  8559 | D:7      | Learned a level 3 spell: Regeneration
  8674 | D:8      | Noticed a two-headed ogre
  8681 | D:8      | Killed a two-headed ogre
  8681 | D:8      | Reached skill level 1 in Charms
  8681 | D:8      | Reached skill level 1 in Necromancy
  8939 | D:8      | Found a hide-covered altar of Uskayaw.
  8969 | D:8      | Reached skill level 10 in Unarmed Combat
  8987 | D:8      | Noticed a two-headed ogre
  8992 | D:8      | Killed a two-headed ogre
  9273 | D:8      | Found a snail-covered altar of Cheibriados.
  9443 | D:8      | Killed a two-headed ogre
  9443 | D:8      | Reached XP level 11. HP: 76/76 MP: 19/23
  9571 | D:9      | Found a staircase to the Orcish Mines.
  9845 | D:9      | Reached skill level 5 in Charms
  9922 | D:9      | Reached ** piety under Ashenzari
  9955 | D:9      | Reached skill level 5 in Necromancy
 10221 | D:9      | Got the uncursed leather armour of the Tick {Regen+}
 10233 | D:9      | Identified the +3 leather armour of the Tick {Regen+} (You found it on level 9 of the Dungeon)
 10363 | D:9      | Reached skill level 1 in Armour
 10515 | D:9      | Found a staircase to the Lair.
 10586 | D:9      | Found a white marble altar of Elyvilon.
 10647 | D:10     | Entered Level 10 of the Dungeon
 10648 | D:10     | Found Sobb's Food Shop.
 10682 | D:10     | Found Imuywk's Assorted Antiques.
 10690 | D:10     | Noticed a two-headed ogre
 10697 | D:10     | Killed a two-headed ogre
 11126 | D:10     | Found Ommoh's General Store.
 11127 | D:10     | Found Haajiwk's Distillery.
 11340 | D:10     | Gained mutation: You are agile. (Dex +2) [evolution]
 11587 | D:11     | Noticed a two-headed ogre
 11610 | D:11     | Found Wiutius's Food Shop.
 11620 | D:11     | Killed a two-headed ogre
 11664 | D:11     | Noticed a cyclops
 11702 | D:11     | Killed a cyclops
 11848 | D:11     | Noticed a cyclops
 11849 | D:11     | Found Jogimit's General Store.
 11860 | D:11     | Killed a cyclops
 12153 | D:11     | Found Gerr's Magic Scroll Shop.
 12185 | D:11     | Noticed Grum
 12186 | D:11     | Reached XP level 12. HP: 73/83 MP: 20/24
 12209 | D:11     | Reached skill level 5 in Armour
 12215 | D:11     | Killed Grum
 12291 | D:11     | Noticed Fannar
 12303 | D:11     | Killed Fannar
 12655 | D:11     | Identified the cursed +0 plate armour "Cepham" {Str+4 Stlth+}
 13101 | D:12     | Noticed a two-headed ogre
 13107 | D:12     | Killed a two-headed ogre
 13178 | D:12     | Noticed Josephine
 13203 | D:11     | Killed from afar by Josephine

Vault maps used:
D:1:      noname_arrival_rooms_in_the_neighbourhood
D:2:      first_bread, nrook_uturn
D:3:      lemuel_round_altar
D:4:      ashenzari_altar_1, nemelex_xobeh_ov_fountains_minmay, uniq_menkaure
D:5:      grunt_qazlal_sundering, kennysheep_mini_moat, minmay_shop_grid_forest
D:6:      kennysheep_little_box, minmay_temple_entry_large_hall
D:7:      grunt_ogre_cave
D:8:      cheibrodos_shockbox, nicolae_overflow_hidden_temple,
          chei_slow_surprise
D:9:      kennysheep_mini, grunt_lair_entry_orc_guard_hut,
          kennysheep_generic_room_5
D:10:     serial_shops, shop, shop, shop, shop
D:11:     serial_shops, nicolae_shop_crystal, shop,
          nicolae_shop_temple_entry_statues_fountains, uniq_grum, uniq_fannar
D:12:     elyvilon_altar_4, uniq_josephine, uniq_rupert, uniq_gastronok

Skill      XL: |  1  2  3  4  5  6  7  8  9 10 11 12 |
---------------+-------------------------------------+-----
Unarmed Combat | 5 6 7 8 9 10 | 10.9
Spellcasting   | 4 5 6 7 8 |  8.9
Fighting       | 2 3 4 |  4.2
Transmutations | 4 5 6 7 |  7.8
Stealth        | 1 3 4 5 6 |  6.6
Poison Magic   | 1 2 3 |  3.6
Ice Magic      | 3 5 6 7 8 |  8.0
Dodging        | 4 5 6 7 |  7.6
Evocations     | 2 4 6 7 |  7.0
Conjurations   | 1 |  1.4
Air Magic      | 1 |  1.6
Charms         | 4 7 |  7.5
Necromancy     | 4 7 |  7.6
Armour         | 4 5 |  5.9

Action                   |  1- 3 |  4- 6 |  7- 9 | 10-12 || total
-------------------------+-------+-------+-------+-------++-------
Melee: Unarmed           |    90 |   182 |   267 |   429 ||   968
       Bite              |     4 |     3 |    12 |     5 ||    24
       Kick              |     1 |     2 |     2 |    19 ||    24
       Punch             |     1 |     3 |     3 |     5 ||    12
       Headbutt          |     4 |     1 |       |       ||     5
Throw: Stone             |     1 |     1 |       |       ||     2
 Cast: Beastly Appendage |    20 |     4 |       |       ||    24
       Spider Form       |     2 |    22 |     6 |       ||    30
       Sticks to Snakes  |       |       |     3 |       ||     3
       Ice Form          |       |       |    21 |    33 ||    54
       Shock             |       |       |    11 |     5 ||    16
       Regeneration      |       |       |       |     5 ||     5
Invok: Curse Item        |       |       |     4 |     2 ||     6
 Abil: End Transformatio |       |       |     2 |       ||     2
       Evoke Berserk Rag |       |       |     2 |     9 ||    11
  Use: Scroll            |       |     6 |     2 |     5 ||    13
       Potion            |       |       |     4 |     3 ||     7
 Stab: Sleeping          |       |     2 |     7 |     5 ||    14
       Distracted        |       |       |     3 |     1 ||     4
  Eat: Chunk             |     3 |    10 |    15 |    27 ||    55
       Bread ration      |       |       |     2 |       ||     2
       Royal jelly       |       |       |       |     1 ||     1
Armor: Robe              |     6 |    10 |    10 |       ||    26
       Skin              |       |     7 |    22 |    58 ||    87
       Leather armour    |       |       |       |     7 ||     7
Dodge: Dodged            |    61 |    92 |   173 |   293 ||   619
